Map: Dusk Towers

Players

김대중컨벤션센터

  • Race: Zerg Zerg
  • League: Diamond

ReacH - Winner!

  • Race: Protoss Protoss
  • League: Diamond

VOD

Have the link to the VOD?

Description

Time

  • Played on: April 13, 2016, 3:20 a.m.
  • Length: 18:49
Show
View Real Time Build Order
Export as new Build Order

김대중컨벤션센터 Zerg 

Build Orders: Pool First 

Get SALT Encoding   

  12  0:18  Spawning Pool  
  11  0:23  Drone  
  11  0:26  Drone  
  13  0:31  Drone  
  13  0:35  Extractor  
  13  0:38  Drone  
  14  0:50  Overlord  
  14  1:09  Zergling x4  
  14  1:10  Queen  
  18  1:17  Zergling x2  
  19  1:28  Zergling x2  
  20  1:39  Zergling x2  
  21  1:50  Zergling x2  
  21  1:51  Metabolic Boost  
  22  2:05  Overlord  
  21  2:24  Evolution Chamber  
  20  2:38  Overlord  
  20  2:39  Zergling x6  
  24  2:44  Drone  
  24  2:45  Queen  
  26  2:55  Zergling x4  
  28  3:12  Zergling x2  
  29  3:13  Zergling x4  
  31  3:31  Drone x4  
  33  3:50  Drone x2  
  32  3:57  Hatchery  
  31  4:09  Zerg Melee Weapons Level 1  
  29  4:16  Drone x2  
  26  4:32  Drone  
  26  4:38  Hatchery  
  26  5:02  Queen  
  28  5:08  Drone x3  
  28  5:09  Drone  
  28  5:10  Overlord x2  
  28  5:11  Drone  
  33  5:14  Drone, Queen  
  36  5:23  Drone  
  37  5:41  Lair  
  37  5:45  Extractor  
  37  5:46  Roach Warren  
  37  5:47  Drone x3  
  37  5:49  Drone x2  
  40  5:53  Drone  
  40  5:54  Drone  
  40  5:56  Drone  
  43  5:58  Drone  
  44  6:12  Drone x3, Queen  
  44  6:16  Spore Crawler  
  48  6:21  Spore Crawler  
  48  6:24  Drone x4  
  51  6:26  Drone  
  51  6:28  Drone  
  51  6:30  Drone  
  51  6:32  Drone  
  55  6:34  Drone  
  56  6:44  Extractor x2  
  54  6:56  Overlord  
  54  6:58  Glial Reconstitution  
  54  7:00  Zerg Missile Weapons Level 1  
  54  7:01  Spire  
  54  7:05  Evolution Chamber  
  54  7:06  Drone  
  54  7:07  Drone x2  
  55  7:08  Spore Crawler  
  55  7:10  Drone  
  55  7:11  Drone x4, Extractor  
  55  7:12  Extractor  
  55  7:15  Overlord  
  53  7:39  Drone x3  
  56  7:49  Roach x8  
  56  7:50  Roach x3  
  75  7:55  Roach x2  
  75  8:13  Roach x3  
  74  8:29  Drone x6  
  74  8:31  Drone  
  80  8:46  Zerg Ground Armor Level 1  
  80  8:48  Drone  
  81  8:49  Overlord x2  
  81  9:02  Overlord  
  81  9:03  Overlord  
  67  9:27  Hydralisk Den  
  62  9:31  Roach  
  62  9:32  Roach x10  
  80  9:42  Drone  
  80  9:43  Drone x2  
  77  9:53  Roach x3  
  79  10:06  Muscular Augments  
  79  10:09  Drone  
  79  10:10  Drone x4  
  79  10:11  Drone  
  85  10:20  Hydralisk  
  81  10:56  Hydralisk x4  
  81  10:57  Hydralisk x7  
  73  11:02  Drone  
  73  11:03  Drone  
  93  11:04  Hydralisk  
  93  11:05  Hydralisk  
  93  11:11  Hydralisk x2  
  97  11:15  Hydralisk x2  
  105  11:31  Overlord x4  
  105  11:32  Overlord  
  105  11:44  Overlord  
  105  11:51  Overlord, Hydralisk  
  105  11:52  Hydralisk x4  
  105  11:54  Drone x2  
  117  11:57  Lurker Den  
  117  12:10  Hydralisk x4  
  124  12:16  Roach x3  
  124  12:19  Roach  
  124  12:22  Zerg Missile Weapons Level 2  
  132  12:35  Drone x2  
  134  12:50  Zerg Ground Armor Level 2  
  131  13:00  Roach x8  
  131  13:01  Roach x3, Overseer  
  153  13:25  Overlord x3  
  153  13:26  Overlord x2  
  153  13:27  Overlord  
  153  13:43  Overlord x2  
  153  13:46  Hatchery  
  153  13:47  Hatchery  
  151  13:50  Ravager x7  
  151  13:51  Ravager x3  
  161  14:05  Infestation Pit  
  160  14:10  Spore Crawler  
  160  14:15  Roach x7  
  175  14:17  Roach  
  175  14:21  Roach  
  177  14:27  Drone x3  
  175  14:34  Drone x3  
  175  14:54  Drone  
  175  14:55  Drone x8  
  175  14:56  Drone  
  142  15:22  Hydralisk x7  
  146  15:36  Roach x6  
  151  15:56  Hydralisk  
  151  15:57  Hydralisk x7  
  126  16:00  Hydralisk  
  126  16:09  Lurker x2  
  126  16:10  Lurker x5  
  133  16:19  Drone x3  
  133  16:22  Drone x3  
  139  16:26  Drone x3  
  139  16:29  Queen  
  144  16:35  Hydralisk x2  
  144  16:38  Overseer x2  
  147  16:46  Drone x2  
  147  16:47  Spore Crawler  
  147  16:49  Spore Crawler  
  133  17:08  Hydralisk  
  133  17:09  Hydralisk x10  
  150  17:21  Lurker  
  131  17:25  Hydralisk  
  131  17:28  Hydralisk  
  116  17:30  Zergling x22  
  116  17:35  Zergling x6  
  128  17:44  Extractor  
  128  17:45  Drone  
  128  17:46  Extractor x2  
  128  17:47  Extractor  
  128  17:49  Zergling x8  
  129  17:57  Hatchery  
  129  17:58  Lurker x3  
  131  17:59  Zergling x10  
  134  18:16  Lurker  
  134  18:17  Lurker  
  136  18:24  Hydralisk  
  136  18:25  Zergling x2  
  136  18:26  Zergling x16  
  142  18:37  Lurker x2  
Show
View Real Time Build Order
Export as new Build Order

ReacH Protoss - Winner!

Build Orders: Nexus First 

Get SALT Encoding   

  12  0:02  Probe (Chrono Boost)  
  13  0:13  Probe (Chrono Boost)  
  14  0:19  Pylon  
  14  0:23  Probe (Chrono Boost)  
  15  0:37  Probe (Chrono Boost)  
  16  0:48  Probe (Chrono Boost)  
  17  1:01  Nexus  
  17  1:13  Forge  
  17  1:15  Gateway  
  17  1:23  Pylon, Probe (Chrono Boost)  
  18  1:27  Assimilator  
  18  1:34  Pylon, Probe (Chrono Boost)  
  19  1:46  Pylon  
  19  1:48  Photon Cannon  
  19  1:57  Gateway  
  19  2:00  Probe (Chrono Boost)  
  20  2:06  Cybernetics Core  
  20  2:21  Probe (Chrono Boost)  
  20  2:32  Probe (Chrono Boost)  
  21  2:47  Nexus  
  21  2:48  Pylon  
  21  2:52  Probe (Chrono Boost)  
  22  3:04  Assimilator  
  22  3:05  Probe (Chrono Boost)  
  23  3:06  Adept (Chrono Boost)  
  23  3:08  Warp Gate  
  25  3:15  Adept (Chrono Boost)  
  27  3:24  Probe (Chrono Boost)  
  17  3:51  Probe  
  17  4:09  Probe x2  
  19  4:21  Probe x2  
  19  4:31  Probe  
  19  4:33  Probe  
  21  4:44  Probe  
  22  4:45  Probe  
  23  4:55  Probe (Chrono Boost)  
  23  4:56  Pylon  
  24  5:01  Probe (Chrono Boost)  
  25  5:09  Probe (Chrono Boost)  
  27  5:15  Mothership Core (Chrono Boost)  
  27  5:18  Pylon  
  27  5:19  Probe (Chrono Boost)  
  27  5:21  Adept  
  31  5:26  Adept  
  33  5:30  Probe (Chrono Boost)  
  33  5:34  Probe (Chrono Boost)  
  35  5:40  Probe (Chrono Boost)  
  36  5:44  Probe (Chrono Boost)  
  36  5:47  Stargate  
  37  5:51  Probe (Chrono Boost)  
  37  5:55  Probe (Chrono Boost)  
  39  5:59  Pylon  
  39  6:04  Adept  
  39  6:05  Adept, Probe (Chrono Boost)  
  44  6:12  Probe (Chrono Boost)  
  44  6:16  Probe (Chrono Boost)  
  46  6:22  Probe (Chrono Boost)  
  46  6:25  Adept x2  
  51  6:29  Probe (Chrono Boost)  
  51  6:31  Oracle (Chrono Boost)  
  55  6:33  Probe (Chrono Boost)  
  56  6:47  Probe  
  56  6:52  Probe  
  58  7:00  Pylon  
  58  7:03  Pylon  
  58  7:04  Pylon  
  58  7:07  Phoenix (Chrono Boost)  
  60  7:11  Nexus  
  60  7:13  Probe, Sentry  
  63  7:17  Probe  
  63  7:22  Adept  
  66  7:24  Probe  
  66  7:28  Gateway  
  66  7:29  Gateway, Probe  
  68  7:34  Probe  
  69  7:41  Adept, Probe  
  69  7:45  Probe  
  70  7:54  Probe  
  70  7:55  Probe  
  72  8:04  Phoenix (Chrono Boost)  
  74  8:06  Probe  
  74  8:08  Adept x2, Probe  
  74  8:12  Pylon, Assimilator  
  78  8:13  Assimilator  
  78  8:19  Probe x2  
  73  8:22  Pylon  
  73  8:23  Probe  
  73  8:24  Pylon  
  71  8:28  Phoenix (Chrono Boost)  
  71  8:31  Probe  
  72  8:38  Robotics Facility  
  72  8:39  Robotics Facility  
  72  8:43  Pylon  
  72  8:49  Probe x2  
  72  8:52  Probe, Phoenix (Chrono Boost)  
  77  9:00  Probe  
  77  9:01  Probe  
  78  9:05  Probe  
  78  9:08  Adept x3  
  82  9:11  Adept  
  82  9:12  Probe  
  82  9:13  Phoenix (Chrono Boost)  
  87  9:20  Probe  
  87  9:23  Probe  
  81  9:26  Immortal (Chrono Boost)  
  81  9:31  Probe  
  81  9:36  Phoenix  
  84  9:40  Robotics Facility  
  84  9:41  Adept x2  
  84  9:42  Adept  
  84  9:45  Probe  
  90  9:46  Pylon  
  91  9:53  Probe  
  92  10:00  Assimilator  
  92  10:01  Immortal (Chrono Boost)  
  92  10:02  Assimilator, Adept x3  
  92  10:03  Adept  
  104  10:07  Gateway  
  104  10:08  Gateway  
  104  10:09  Gateway  
  104  10:13  Gateway  
  104  10:15  Gateway  
  104  10:20  Probe  
  104  10:22  Probe  
  106  10:30  Twilight Council  
  106  10:31  Forge  
  106  10:34  Probe  
  107  10:38  Immortal (Chrono Boost)  
  107  10:42  Probe  
  114  10:53  Adept x4  
  114  10:56  Protoss Ground Weapons Level 1, Probe  
  116  10:59  Robotics Facility  
  116  11:03  Phoenix  
  115  11:08  Probe  
  115  11:10  Probe  
  117  11:21  Immortal (Chrono Boost)  
  121  11:28  Phoenix  
  121  11:29  Adept x5  
  121  11:30  Adept x2  
  137  11:35  Resonating Glaives (Chrono Boost)  
  137  11:47  Pylon  
  137  11:49  Pylon  
  137  11:52  Pylon  
  137  11:53  Immortal, Phoenix  
  139  11:54  Pylon  
  139  11:56  Immortal  
  139  11:58  Pylon  
  147  12:06  Nexus  
  147  12:17  Templar Archives  
  147  12:18  Pylon  
  147  12:20  Pylon  
  147  12:25  Sentry x2  
  151  12:38  Immortal  
  151  12:40  Pylon  
  151  12:41  Protoss Ground Weapons Level 2  
  151  12:42  Pylon x2  
  151  12:43  Immortal  
  159  12:50  Phoenix  
  161  13:00  Stargate, Fleet Beacon  
  161  13:05  Charge (Chrono Boost)  
  161  13:07  Assimilator  
  161  13:12  Assimilator  
  161  13:16  Stalker x4  
  169  13:25  Immortal  
  169  13:30  Immortal  
  169  13:33  Probe x3  
  180  13:50  High Templar x2  
  180  13:51  Zealot x3  
  180  13:52  Zealot x2  
  194  13:58  Psionic Storm  
  194  14:10  Observer  
  194  14:11  Immortal  
  194  14:15  Pylon  
  199  14:18  Anion Pulse-Crystals  
  199  14:53  Nexus  
  199  14:56  Pylon  
  199  14:57  Pylon  
  199  14:58  Pylon  
  163  15:24  Immortal  
  163  15:25  High Templar x2, Oracle  
  163  15:27  Zealot x2  
  163  15:28  Zealot x5  
  178  15:29  Immortal  
  178  15:48  Zealot x6  
  178  15:49  Zealot  
  158  16:02  Assimilator, Zealot x2  
  162  16:07  Assimilator  
  162  16:08  Gateway, Immortal (Chrono Boost)  
  162  16:09  High Templar x2, Gateway  
  162  16:10  High Templar x5, Gateway  
  180  16:11  Immortal (Chrono Boost)  
  180  16:12  Gateway  
  180  16:13  Gateway  
  184  16:29  High Templar x2  
  184  16:32  Archon x2  
  188  16:33  Archon  
  186  16:44  Immortal (Chrono Boost)  
  186  16:46  Immortal (Chrono Boost)  
  194  17:00  Zealot x5  
  190  17:15  Zealot x3  
  178  17:16  Zealot  
  178  17:18  Immortal (Chrono Boost)  
  178  17:20  Immortal (Chrono Boost), Oracle  
  178  17:22  High Templar x3  
  193  17:23  Assimilator, High Templar  
  185  17:34  Dark Shrine  
  181  17:38  High Templar x3  
  181  17:39  Zealot x2  
  181  17:43  Zealot  
  181  17:44  Zealot x3  
  199  17:56  Archon x2  
  199  18:12  Pylon  
  199  18:16  Forge  
  197  18:20  Zealot  
  157  18:48  Archon  
Tags
 
Add a new tag
Caveats
  • Supply blocks, unpowered buildings, or Contaminate may cause inaccurate times.
  • Supply counts are checked every 10 seconds.